| TOP OF THE 1ST |
|
Reno Aces batting - Pitching for Las Vegas 51s : RHP Austin Kuhn
|
|
Pitching: RHP Austin Kuhn
|
|
|
Batting: SHB Carlos Rodriguez
|
0-0: Called Strike 0-1: Called Strike 0-2: Ball 1-2: Ball 2-2: Ball 3-2: Base on Balls
|
|
Batting: LHB Kyle Beaulieu
|
0-0: Ball 1-0: Swinging Strike 1-1: Called Strike Carlos Rodriguez steals 2nd base 1-2: Ball 2-2: Strikes out swinging
|
|
Batting: RHB Justin McQuarter
|
0-0: Called Strike 0-1: Swinging Strike 0-2: Foul Ball, location: 2F 0-2: Ball 1-2: Ball 2-2: Strikes out swinging
|
|
Batting: LHB Kevin Ferguson
|
0-0: Swinging Strike 0-1: Ball 1-1: Ball 2-1: Ball 3-1: Called Strike 3-2: Strikes out swinging
|
| Top of the 1st over - 0 runs, 0 hits, 0 errors, 1 left on base; Reno 0 - Las Vegas 0 |
| BOTTOM OF THE 1ST |
|
Las Vegas 51s batting - Pitching for Reno Aces : RHP Chad Pfeiffer
|
|
Pitching: RHP Chad Pfeiffer
|
|
|
Batting: SHB Jason Larson
|
0-0: Called Strike 0-1: Ball 1-1: Swinging Strike 1-2: SINGLE (Line Drive, 9S, EV 101.2 MPH)
|
|
Batting: LHB Adam Hairston
|
0-0: Ball 1-0: Ball 2-0: Swinging Strike 2-1: Grounds into double play, 4-6-3 (Groundball, 4M, EV 109.4 MPH)
|
|
Batting: RHB Josh Jones
|
0-0: Ball 1-0: Ball 2-0: Called Strike 2-1: Foul Ball, location: 2F 2-2: Fly out, F3 (Popup, 3, EV 60.6 MPH)
|
| Bottom of the 1st over - 0 runs, 1 hit, 0 errors, 0 left on base; Reno 0 - Las Vegas 0 |
| TOP OF THE 2ND |
|
Reno Aces batting - Pitching for Las Vegas 51s : RHP Austin Kuhn
|
|
Batting: RHB Marlon Reda
|
0-0: Ball 1-0: Ball 2-0: Foul Ball, location: 2F 2-1: Foul Ball, location: 2F 2-2: Foul Ball, location: 2F 2-2: Strikes out swinging
|
|
Batting: RHB Cesar Chavez
|
0-0: Called Strike 0-1: Ball 1-1: Swinging Strike 1-2: Foul Ball, location: 2F 1-2: Foul Ball, location: 2F 1-2: Strikes out swinging
|
|
Batting: RHB Edgar Garcia
|
0-0: Called Strike 0-1: Ball 1-1: Ball 2-1: Ball 3-1: Foul Ball, location: 2F 3-2: Foul Ball, location: 2F 3-2: Foul Ball, location: 2F 3-2: Strikes out swinging
|
| Top of the 2nd over - 0 runs, 0 hits, 0 errors, 0 left on base; Reno 0 - Las Vegas 0 |
| BOTTOM OF THE 2ND |
|
Las Vegas 51s batting - Pitching for Reno Aces : RHP Chad Pfeiffer
|
|
Batting: SHB Harrison Feist
|
0-0: Called Strike 0-1: Fly out, F8 (Line Drive, 78D, EV 100.6 MPH)
|
|
Batting: RHB Darwin Mills
|
0-0: SINGLE (Groundball, 56D, EV 108.8 MPH)
|
|
Batting: RHB Devine Adams
|
0-0: Foul Ball, location: 2F 0-1: Called Strike 0-2: Ball 1-2: Ball 2-2: Foul Ball, location: 2F 2-2: Foul Ball, location: 2F 2-2: Ball 3-2: Fielders Choice at 2nd, 5-4 (Groundball, 56, EV 103.1 MPH)
|
|
Batting: LHB Jose Chavez
|
0-0: Called Strike 0-1: Ball 1-1: Ground out 4-3 (Groundball, 4, EV 85.0 MPH)
|
| Bottom of the 2nd over - 0 runs, 1 hit, 0 errors, 1 left on base; Reno 0 - Las Vegas 0 |
| TOP OF THE 3RD |
|
Reno Aces batting - Pitching for Las Vegas 51s : RHP Austin Kuhn
|
|
Now at C: Nelson Powell
|
|
|
Batting: RHB Roberto Rodriguez
|
0-0: Ball 1-0: Swinging Strike 1-1: Foul Ball, location: 2F 1-2: Foul Ball, location: 2F 1-2: Foul Ball, location: 2F 1-2: Ball 2-2: Strikes out swinging
|
|
Batting: RHB Jonathan Lugo
|
0-0: Swinging Strike 0-1: Ball 1-1: Called Strike 1-2: Foul Ball, location: 2F 1-2: Strikes out swinging
|
|
Batting: SHB Carlos Rodriguez
|
0-0: Called Strike 0-1: Ground out 5-3 (Groundball, 56, EV 102.5 MPH)
|
| Top of the 3rd over - 0 runs, 0 hits, 0 errors, 0 left on base; Reno 0 - Las Vegas 0 |
| BOTTOM OF THE 3RD |
|
Las Vegas 51s batting - Pitching for Reno Aces : RHP Chad Pfeiffer
|
|
Batting: RHB Roger Renteria
|
0-0: Called Strike 0-1: Ground out 6-3 (Groundball, 6S, EV 87.5 MPH)
|
|
Batting: RHB Alex Vasquez
|
0-0: Ball 1-0: Ball 2-0: Foul Ball, location: 2F 2-1: Ball 3-1: Fly out, F7 (Line Drive, 7, EV 93.1 MPH)
|
|
Batting: SHB Jason Larson
|
0-0: Ball 1-0: Called Strike 1-1: Ball 2-1: Ball 3-1: Foul Ball, location: 2F 3-2: Strikes out looking
|
| Bottom of the 3rd over - 0 runs, 0 hits, 0 errors, 0 left on base; Reno 0 - Las Vegas 0 |
| TOP OF THE 4TH |
|
Reno Aces batting - Pitching for Las Vegas 51s : RHP Austin Kuhn
|
|
Batting: LHB Kyle Beaulieu
|
0-0: Bunt missed! 0-1: Swinging Strike 0-2: Ball 1-2: Ball 2-2: Foul Ball, location: 2F 2-2: Fly out, F8 (Flyball, 8RXD, EV 99.4 MPH)
|
|
Batting: RHB Justin McQuarter
|
0-0: Swinging Strike 0-1: Swinging Strike 0-2: Foul Ball, location: 2F 0-2: Foul Ball, location: 2F 0-2: Ball 1-2: Strikes out looking
|
|
Batting: LHB Kevin Ferguson
|
0-0: Called Strike 0-1: Ball 1-1: SINGLE (Groundball, 56S, EV 70.0 MPH) (infield hit)
|
|
Batting: RHB Marlon Reda
|
0-0: Ball 1-0: Ball 2-0: Ball 3-0: Base on Balls Kevin Ferguson to second
|
|
Batting: RHB Cesar Chavez
|
0-0: Called Strike 0-1: Foul Ball, location: 2F 0-2: Ball 1-2: Strikes out looking
|
| Top of the 4th over - 0 runs, 1 hit, 0 errors, 2 left on base; Reno 0 - Las Vegas 0 |
| BOTTOM OF THE 4TH |
|
Las Vegas 51s batting - Pitching for Reno Aces : RHP Chad Pfeiffer
|
|
Batting: LHB Adam Hairston
|
0-0: Bunted foul 0-1: Swinging Strike 0-2: SOLO HOME RUN (Flyball, 7LD, EV 95.6 MPH), Distance : 369 ft
|
|
Batting: RHB Josh Jones
|
0-0: Called Strike 0-1: Swinging Strike 0-2: Ball 1-2: Foul Ball, location: 2F 1-2: Foul Ball, location: 2F 1-2: Fly out, F9 (Line Drive, 9S, EV 108.1 MPH)
|
|
Batting: SHB Harrison Feist
|
0-0: Called Strike 0-1: SINGLE (Line Drive, 7S, EV 88.8 MPH)
|
|
Batting: SHB Nelson Powell
|
0-0: Swinging Strike 0-1: Ball 1-1: Foul Ball, location: 2F 1-2: Ball 2-2: Strikes out swinging
|
|
Batting: RHB Devine Adams
|
0-0: Fielders Choice at 2nd, 6-4 (Groundball, 56D, EV 80.6 MPH)
|
| Bottom of the 4th over - 1 run, 2 hits, 0 errors, 1 left on base; Reno 0 - Las Vegas 1 |
| TOP OF THE 5TH |
|
Reno Aces batting - Pitching for Las Vegas 51s : RHP Austin Kuhn
|
|
Batting: RHB Edgar Garcia
|
0-0: Called Strike 0-1: Swinging Strike 0-2: Foul Ball, location: 2F 0-2: Foul Ball, location: 2F 0-2: Ball 1-2: Foul Ball, location: 2F 1-2: Strikes out swinging
|
|
Batting: RHB Roberto Rodriguez
|
0-0: Called Strike 0-1: Ball 1-1: Ball 2-1: Ground out 5-3 (Groundball, 56, EV 100.6 MPH)
|
|
Batting: RHB Jonathan Lugo
|
0-0: Called Strike 0-1: Ball 1-1: Foul Ball, location: 2F 1-2: Strikes out swinging
|
| Top of the 5th over - 0 runs, 0 hits, 0 errors, 0 left on base; Reno 0 - Las Vegas 1 |
| BOTTOM OF THE 5TH |
|
Las Vegas 51s batting - Pitching for Reno Aces : RHP Chad Pfeiffer
|
|
Batting: LHB Jose Chavez
|
0-0: Ball 1-0: Foul Ball, location: 2F 1-1: Foul Ball, location: 2F 1-2: Strikes out swinging, 2-3 out at first.
|
|
Batting: RHB Roger Renteria
|
0-0: Ball 1-0: Called Strike 1-1: Ground out 6-3 (Groundball, 6, EV 94.4 MPH)
|
|
Batting: RHB Alex Vasquez
|
0-0: Called Strike 0-1: Foul Ball, location: 2F 0-2: Ball 1-2: Foul Ball, location: 2F 1-2: Ball 2-2: Foul Ball, location: 2F 2-2: Ground out 6-3 (Groundball, 56, EV 104.4 MPH)
|
| Bottom of the 5th over - 0 runs, 0 hits, 0 errors, 0 left on base; Reno 0 - Las Vegas 1 |
| TOP OF THE 6TH |
|
Reno Aces batting - Pitching for Las Vegas 51s : RHP Austin Kuhn
|
|
Batting: SHB Carlos Rodriguez
|
0-0: Foul Ball, location: 2F 0-1: Ball 1-1: Swinging Strike 1-2: Ball 2-2: Ball 3-2: Ground out 4-3 (Groundball, 13, EV 88.8 MPH)
|
|
Pitching: RHP Jason Vulich
|
|
|
Batting: LHB Kyle Beaulieu
|
0-0: Ball 1-0: Called Strike 1-1: Ball 2-1: Swinging Strike 2-2: Fly out, F6 (Popup, 6, EV 53.8 MPH)
|
|
Batting: RHB Justin McQuarter
|
0-0: Fly out, F8 (Flyball, 8RD, EV 87.5 MPH)
|
| Top of the 6th over - 0 runs, 0 hits, 0 errors, 0 left on base; Reno 0 - Las Vegas 1 |
| BOTTOM OF THE 6TH |
|
Las Vegas 51s batting - Pitching for Reno Aces : RHP Chad Pfeiffer
|
|
Batting: SHB Jason Larson
|
0-0: SINGLE (Groundball, 6MS, EV 68.1 MPH) (infield hit)
|
|
Batting: LHB Adam Hairston
|
0-0: Called Strike 0-1: Ball 1-1: Swinging Strike 1-2: Foul Ball, location: 2F 1-2: Strikes out looking
|
|
Batting: RHB Josh Jones
|
0-0: Called Strike 0-1: SINGLE (Groundball, 25, EV 68.1 MPH) (infield hit) Jason Larson to second
|
|
Batting: SHB Harrison Feist
|
0-0: Called Strike 0-1: Called Strike Jason Larson steals 3rd base Josh Jones to second 0-2: Fly out, F7 (Flyball, 78S, EV 75.0 MPH) Runner from 3rd tags up, OUT at HOME! 7-2
|
| Bottom of the 6th over - 0 runs, 2 hits, 0 errors, 1 left on base; Reno 0 - Las Vegas 1 |
| TOP OF THE 7TH |
|
Reno Aces batting - Pitching for Las Vegas 51s : RHP Jason Vulich
|
|
Batting: LHB Kevin Ferguson
|
0-0: Called Strike 0-1: Ball 1-1: Ball 2-1: Foul Ball, location: 2F 2-2: Ball 3-2: Strikes out swinging
|
|
Batting: RHB Marlon Reda
|
0-0: SOLO HOME RUN (Flyball, 8RXD, EV 113.8 MPH), Distance : 452 ft
|
|
Batting: RHB Cesar Chavez
|
0-0: Swinging Strike 0-1: Foul Ball, location: 2F 0-2: Ball 1-2: Ground out 6-3 (Groundball, 6S, EV 70.0 MPH)
|
|
Batting: RHB Edgar Garcia
|
0-0: Called Strike 0-1: Ball 1-1: Ball 2-1: DOUBLE (Groundball, 5L, EV 100.6 MPH)
|
|
Batting: RHB Roberto Rodriguez
|
0-0: Ball 1-0: Foul Ball, location: 2F 1-1: 2-RUN HOME RUN (Flyball, 78XD, EV 103.8 MPH), Distance : 420 ft
|
|
Pitching: LHP Jonathan Gendron
|
|
|
Batting: RHB Jonathan Lugo
|
0-0: Ground out 5-3 (Groundball, 56S, EV 67.5 MPH)
|
| Top of the 7th over - 3 runs, 3 hits, 0 errors, 0 left on base; Reno 3 - Las Vegas 1 |
| BOTTOM OF THE 7TH |
|
Las Vegas 51s batting - Pitching for Reno Aces : RHP Chad Pfeiffer
|
|
Now in LF: Roberto Rodriguez
|
|
|
Now in RF: Dan Boylan
|
|
|
Batting: SHB Nelson Powell
|
0-0: Swinging Strike 0-1: Ball 1-1: Ball 2-1: Ball 3-1: Foul Ball, location: 2F 3-2: Ground out 5-3 (Groundball, 25, EV 85.0 MPH)
|
|
Pitching: RHP Adam Maida
|
|
|
Batting: RHB Devine Adams
|
0-0: Called Strike 0-1: Fly out, F9 (Flyball, 89S, EV 96.2 MPH)
|
|
Batting: LHB Jose Chavez
|
0-0: Swinging Strike 0-1: Ball 1-1: Swinging Strike 1-2: Ball 2-2: Foul Ball, location: 2F 2-2: Strikes out swinging
|
| Bottom of the 7th over - 0 runs, 0 hits, 0 errors, 0 left on base; Reno 3 - Las Vegas 1 |
| TOP OF THE 8TH |
|
Reno Aces batting - Pitching for Las Vegas 51s : LHP Jonathan Gendron
|
|
Batting: SHB Carlos Rodriguez
|
0-0: Foul Ball, location: 2F 0-1: Ball 1-1: Swinging Strike 1-2: Ball 2-2: Foul Ball, location: 2F 2-2: Strikes out swinging
|
|
Batting: LHB Kyle Beaulieu
|
0-0: Ball 1-0: Ball 2-0: Ball 3-0: Base on Balls
|
|
Batting: RHB Justin McQuarter
|
0-0: Ball 1-0: Ground out 6-3 (Groundball, 6S, EV 70.6 MPH) Kyle Beaulieu to second
|
|
Batting: RHB Dan Boylan
|
0-0: Called Strike 0-1: Foul Ball, location: 2F 0-2: Foul Ball, location: 2F 0-2: Ball 1-2: Ball 2-2: Foul Ball, location: 2F 2-2: Ground out 6-3 (Groundball, 56D, EV 81.9 MPH)
|
| Top of the 8th over - 0 runs, 0 hits, 0 errors, 1 left on base; Reno 3 - Las Vegas 1 |
| BOTTOM OF THE 8TH |
|
Las Vegas 51s batting - Pitching for Reno Aces : RHP Adam Maida
|
|
Batting: RHB Roger Renteria
|
0-0: Ball 1-0: Ground out 1-3 (Groundball, 15S, EV 67.5 MPH)
|
|
Batting: RHB Alex Vasquez
|
0-0: Ball 1-0: Ball 2-0: Ball 3-0: Base on Balls
|
|
Batting: SHB Jason Larson
|
0-0: Ball 1-0: SINGLE (Groundball, 5L, EV 94.4 MPH) (infield hit) Alex Vasquez to second
|
|
Pitching: RHP Mike Osgood
|
|
|
Batting: LHB Adam Hairston
|
0-0: Called Strike 0-1: Ball 1-1: Ball 2-1: Ball 3-1: Foul Ball, location: 2F 3-2: Base on Balls Alex Vasquez to third Jason Larson to second
|
|
Batting: RHB Josh Jones
|
0-0: Ball 1-0: Grounds into fielders choice 5-2 (Groundball, 25, EV 74.4 MPH) Jason Larson to third Adam Hairston to second
|
|
Batting: SHB Harrison Feist
|
0-0: Ball 1-0: SINGLE (Flyball, 56D, EV 86.9 MPH) Jason Larson scores Adam Hairston to third Josh Jones to second Runner from 3rd tries for Home, SAFE, throw by LF to home
|
|
Batting: SHB Nelson Powell
|
0-0: Ball 1-0: Ball 2-0: Foul Ball, location: 2F 2-1: Called Strike 2-2: Foul Ball, location: 2F 2-2: Ball 3-2: Foul Ball, location: 2F 3-2: Ground out 5-3 (Groundball, 56, EV 86.9 MPH)
|
| Bottom of the 8th over - 2 runs, 2 hits, 0 errors, 2 left on base; Reno 3 - Las Vegas 3 |
| TOP OF THE 9TH |
|
Reno Aces batting - Pitching for Las Vegas 51s : LHP Jonathan Gendron
|
|
Pitching: RHP Ryan Wilson
|
|
|
Batting: RHB Marlon Reda
|
0-0: Ball 1-0: Swinging Strike 1-1: Called Strike 1-2: Reached on error, E4 (Groundball, 4, EV 79.4 MPH)
|
|
Pinch Hitting: LHB Ian Jarvis
|
0-0: Intentional Walk
|
|
Pinch Runner at 2nd Dustin Clark:
|
|
|
Batting: RHB Edgar Garcia
|
0-0: Bunt missed! 0-1: Sac Bunt to 5S - play at first, batter OUT! 5-4 Dustin Clark to third Ian Jarvis to second
|
|
Batting: RHB Roberto Rodriguez
|
0-0: Ball 1-0: Ground out 5-3 (Groundball, 56S, EV 81.2 MPH)
|
|
Pinch Hitting: SHB Gerardo Flores
|
0-0: Foul Ball, location: 2F 0-1: Called Strike 0-2: Fly out, F8 (Flyball, 8RXD, EV 103.1 MPH)
|
| Top of the 9th over - 0 runs, 0 hits, 1 error, 2 left on base; Reno 3 - Las Vegas 3 |
| BOTTOM OF THE 9TH |
|
Las Vegas 51s batting - Pitching for Reno Aces : RHP Mike Osgood
|
|
Pitching: RHP Jose Fernandez
|
|
|
Now at C: Ian Jarvis
|
|
|
Now at 1B: Sam Dowdy
|
|
|
Now at 2B: Dustin Clark
|
|
|
Batting: RHB Devine Adams
|
0-0: Swinging Strike 0-1: Foul Ball, location: 2F 0-2: Ball 1-2: Ball 2-2: SINGLE (Groundball, 6MD, EV 93.8 MPH)
|
|
Batting: LHB Jose Chavez
|
0-0: Ball 1-0: Foul Ball, location: 2F 1-1: Fly out, F8 (Flyball, 89M, EV 88.1 MPH)
|
|
Batting: RHB Roger Renteria
|
0-0: Called Strike 0-1: Ball 1-1: Bunted foul 1-2: SINGLE (Groundball, 56, EV 104.4 MPH) Devine Adams to second
|
|
Batting: RHB Alex Vasquez
|
0-0: Fielders Choice at 2nd, 3-6 (Groundball, 34, EV 103.8 MPH) Devine Adams to third
|
|
Batting: SHB Jason Larson
|
0-0: Called Strike 0-1: Ball 1-1: Called Strike 1-2: Foul Ball, location: 2F 1-2: Ball 2-2: Strikes out looking
|
| Bottom of the 9th over - 0 runs, 2 hits, 0 errors, 2 left on base; Reno 3 - Las Vegas 3 |
| TOP OF THE 10TH |
|
Reno Aces batting - Pitching for Las Vegas 51s : RHP Ryan Wilson
|
|
Batting: SHB Carlos Rodriguez
|
0-0: Called Strike 0-1: Called Strike 0-2: Strikes out swinging
|
|
Batting: LHB Kyle Beaulieu
|
0-0: Ball 1-0: Ball 2-0: Swinging Strike 2-1: Swinging Strike 2-2: Strikes out swinging
|
|
Batting: RHB Justin McQuarter
|
0-0: Ball 1-0: Ball 2-0: Swinging Strike 2-1: Ball 3-1: Base on Balls
|
|
Batting: RHB Dan Boylan
|
0-0: Ball 1-0: Foul Ball, location: 2F 1-1: Foul Ball, location: 2F 1-2: Strikes out looking
|
| Top of the 10th over - 0 runs, 0 hits, 0 errors, 1 left on base; Reno 3 - Las Vegas 3 |
| BOTTOM OF THE 10TH |
|
Las Vegas 51s batting - Pitching for Reno Aces : RHP Jose Fernandez
|
|
Batting: LHB Adam Hairston
|
0-0: Ball 1-0: Ball 2-0: Foul Ball, location: 2F 2-1: Ground out 6-3 (Groundball, 6S, EV 88.1 MPH)
|
|
Batting: RHB Josh Jones
|
0-0: Called Strike 0-1: Ball 1-1: Ball 2-1: Ball 3-1: Ground out 6-3 (Groundball, 6, EV 105.6 MPH)
|
|
Batting: SHB Harrison Feist
|
0-0: Called Strike 0-1: Called Strike 0-2: Ball 1-2: Fly out, F9 (Line Drive, 9LS, EV 110.6 MPH)
|
| Bottom of the 10th over - 0 runs, 0 hits, 0 errors, 0 left on base; Reno 3 - Las Vegas 3 |
| TOP OF THE 11TH |
|
Reno Aces batting - Pitching for Las Vegas 51s : RHP Ryan Wilson
|
|
Batting: RHB Dustin Clark
|
0-0: Ball 1-0: Foul Ball, location: 2F 1-1: Foul Ball, location: 2F 1-2: Ball 2-2: Strikes out swinging
|
|
Pitching: RHP Shan-tang Chi
|
|
|
Batting: LHB Ian Jarvis
|
0-0: Called Strike 0-1: Ball 1-1: Foul Ball, location: 2F 1-2: Ball 2-2: Strikes out swinging
|
|
Batting: RHB Edgar Garcia
|
0-0: Ball 1-0: Foul Ball, location: 2F 1-1: Ball 2-1: Ball 3-1: Swinging Strike 3-2: Fly out, F8 (Flyball, 89M, EV 87.5 MPH)
|
| Top of the 11th over - 0 runs, 0 hits, 0 errors, 0 left on base; Reno 3 - Las Vegas 3 |
| BOTTOM OF THE 11TH |
|
Las Vegas 51s batting - Pitching for Reno Aces : RHP Jose Fernandez
|
|
Pitching: LHP Drew Huckeba
|
|
|
Batting: SHB Nelson Powell
|
0-0: Called Strike 0-1: Ball 1-1: SINGLE (Groundball, 56D, EV 105.0 MPH)
|
|
Batting: RHB Devine Adams
|
0-0: Called Strike 0-1: Fly out, F8 (Flyball, 8RD, EV 103.1 MPH)
|
|
Batting: LHB Jose Chavez
|
0-0: Called Strike 0-1: Called Strike Nelson Powell is caught stealing 2nd base 2-6 0-2: Foul Ball, location: 2F 0-2: Ball 1-2: Ball 2-2: Ground out 3-1 (Groundball, 34S, EV 78.1 MPH)
|
| Bottom of the 11th over - 0 runs, 1 hit, 0 errors, 0 left on base; Reno 3 - Las Vegas 3 |
| TOP OF THE 12TH |
|
Reno Aces batting - Pitching for Las Vegas 51s : RHP Shan-tang Chi
|
|
Batting: RHB Roberto Rodriguez
|
0-0: Foul Ball, location: 2F 0-1: Called Strike 0-2: Ball 1-2: Ground out 4-3 (Groundball, 4M, EV 110.6 MPH)
|
|
Batting: LHB Sam Dowdy
|
0-0: Called Strike 0-1: Ball 1-1: Ground out 3-1 (Groundball, 34, EV 90.6 MPH)
|
|
Batting: SHB Carlos Rodriguez
|
0-0: Ball 1-0: Swinging Strike 1-1: Ball 2-1: Ball 3-1: Swinging Strike 3-2: SINGLE (Groundball, 6M, EV 97.5 MPH) (infield hit)
|
|
Batting: LHB Kyle Beaulieu
|
0-0: Called Strike Carlos Rodriguez steals 2nd base 0-1: Ball 1-1: Intentional Walk
|
|
Batting: RHB Justin McQuarter
|
0-0: Ball 1-0: Fly out, F9 (Flyball, 9LM, EV 78.1 MPH)
|
| Top of the 12th over - 0 runs, 1 hit, 0 errors, 2 left on base; Reno 3 - Las Vegas 3 |
| BOTTOM OF THE 12TH |
|
Las Vegas 51s batting - Pitching for Reno Aces : LHP Drew Huckeba
|
|
Batting: RHB Roger Renteria
|
0-0: Called Strike 0-1: Ball 1-1: Ground out 6-3 (Groundball, 6, EV 83.8 MPH)
|
|
Batting: RHB Alex Vasquez
|
0-0: Called Strike 0-1: Swinging Strike 0-2: Strikes out swinging
|
|
Batting: SHB Jason Larson
|
0-0: Ball 1-0: Called Strike 1-1: Foul Ball, location: 2F 1-2: Ball 2-2: Foul Ball, location: 2F 2-2: Ball 3-2: Strikes out swinging
|
| Bottom of the 12th over - 0 runs, 0 hits, 0 errors, 0 left on base; Reno 3 - Las Vegas 3 |
| TOP OF THE 13TH |
|
Reno Aces batting - Pitching for Las Vegas 51s : RHP Shan-tang Chi
|
|
Batting: RHB Dan Boylan
|
0-0: Ball 1-0: Ball 2-0: Ground out 5-3 (Groundball, 56, EV 105.6 MPH)
|
|
Batting: RHB Dustin Clark
|
0-0: Ball 1-0: DOUBLE (Line Drive, 7LM, EV 101.9 MPH)
|
|
Batting: LHB Ian Jarvis
|
0-0: Intentional Walk
|
|
Batting: RHB Edgar Garcia
|
0-0: Called Strike 0-1: Ball 1-1: Ball 2-1: Called Strike Dustin Clark steals 3rd base 2-2: Fielders Choice at 2nd, 4-6 (Groundball, 34, EV 85.0 MPH) Dustin Clark scores
|
|
Batting: RHB Roberto Rodriguez
|
0-0: Ball 1-0: Fielders Choice at 2nd, 5-4 (Groundball, 56, EV 76.2 MPH)
|
| Top of the 13th over - 1 run, 1 hit, 0 errors, 1 left on base; Reno 4 - Las Vegas 3 |
| BOTTOM OF THE 13TH |
|
Las Vegas 51s batting - Pitching for Reno Aces : LHP Drew Huckeba
|
|
Now at 2B: Kyle Beaulieu
|
|
|
Now at 3B: Dustin Clark
|
|
|
Now at SS: Jose Sisneros
|
|
|
Batting: LHB Adam Hairston
|
0-0: Ground out U3 (Groundball, 3, EV 107.5 MPH)
|
|
Batting: RHB Josh Jones
|
0-0: Ball 1-0: Swinging Strike 1-1: Ball 2-1: Called Strike 2-2: Strikes out swinging
|
|
Batting: SHB Harrison Feist
|
0-0: Ball 1-0: Ball 2-0: Ball 3-0: Foul Ball, location: 2F 3-1: Foul Ball, location: 2F 3-2: Strikes out swinging
|
| Bottom of the 13th over - 0 runs, 0 hits, 0 errors, 0 left on base; Reno 4 - Las Vegas 3 |
|